 Dungeon Crawl Stone Soup version 0.25-a0-561-g0977b4d109 (webtiles) character file.

Game seed: 5903242796410763245, levelgen mode: deterministic

42812 tilp the Zephyrmancer (level 14, -2/88 HPs)
             Began as a Tengu Air Elementalist on Feb 24, 2020.
             Was an Elder of Sif Muna.
             Slain by an alligator simulacrum (12 damage)
             ... in an ice cave on Feb 25, 2020.
             The game lasted 01:06:26 (24098 turns).

tilp the Zephyrmancer (Tengu Air Elementalist)     Turns: 24098, Time: 01:06:27

Health: -2/88      AC: 10    Str:  8    XL:     14   Next: 21%
Magic:  22/27      EV: 22    Int: 22    God:    Sif Muna [****..]
Gold:   1463       SH:  5    Dex: 16    Spells: 8/29 levels left

rFire    . . .     SeeInvis .   a - +1 short sword (elec)
rCold    + . .     Gourm    .   S - +0 buckler
rNeg     + . .     Faith    .   D - +1 leather armour {MR+}
rPois    +         Spirit   .   (helmet restricted)
rElec    .         Reflect  .   H - +2 ratskin cloak {+Rats rPois rN+ Str-1 Int-1 Dex+1}
rCorr    .         Harm     .   O - +2 pair of gloves
MR       ++...                  (boots unavailable)
Stlth    ++++......             t - amulet of the acrobat
HPRegen  0.24/turn              g - +3 ring of intelligence
MPRegen  0.20/turn              k - ring of protection from cold

@: flying quickly and evasively, quick
A: beak, talons 3, able to fly
a: Stop Flying, Channel Magic, Forget Spell, Divine Exegesis, Renounce Religion,
Evoke Ratskin


You were in an ice cave.
You worshipped Sif Muna.
Sif Muna was greatly pleased with you.
You were hungry.

You visited 4 branches of the dungeon, and saw 20 of its levels.
You also visited: Sewer and Ice Cave.

You collected 1463 gold pieces.

Inventory:

Hand Weapons
 a - a +1 short sword of electrocution (weapon)
 b - a +3 scimitar of flaming
Missiles
 r - 37 poisoned darts
 w - 2 silver boomerangs
 y - 3 datura-tipped darts
 z - 32 boomerangs
 U - 8 curare-tipped darts (quivered)
Armour
 D - a +1 leather armour of magic resistance (worn)
 H - the +2 ratskin cloak (worn) {+Rats rPois rN+ Str-1 Int-1 Dex+1}
   (You found it on level 6 of the Dungeon)

   It affects your strength (-1).
   It affects your intelligence (-1).
   It affects your dexterity (+1).
   It protects you from poison.
   It protects you from negative energy.
   If you remove this armour, your AC will decrease by 3 (10 -> 7).
 N - a +2 leather armour of fire resistance
 O - a +2 pair of gloves (worn)
 P - a +1 robe of the Archmagi
 S - a +0 buckler (worn)
Jewellery
 g - a +3 ring of intelligence (left hand)
 k - a ring of protection from cold (right hand)
 l - an uncursed ring of wizardry
 t - an amulet of the acrobat (around neck)
 W - a +5 ring of protection
Wands
 e - a wand of digging (10)
 m - a wand of enslavement (3)
 p - a wand of iceblast (19)
 F - a wand of flame (46)
 G - a wand of clouds (6)
 R - a wand of scattershot (16)
Scrolls
 f - 2 scrolls of fog
 n - 3 scrolls of enchant armour
 u - 6 scrolls of teleportation
 v - 3 scrolls of blinking
 C - a scroll of random uselessness {unknown}
 E - a scroll of vulnerability {unknown}
 L - 7 scrolls of remove curse
 M - a scroll of summoning {unknown}
 T - a scroll of silence
 V - a scroll of holy word {unknown}
Potions
 d - 10 potions of curing
 h - 2 potions of heal wounds
 i - 6 potions of mutation
 j - a potion of ambrosia {unknown}
 q - 5 potions of haste
 s - 4 potions of magic
 x - 2 potions of brilliance {unknown}
 B - 2 potions of invisibility {unknown}
 I - a potion of stabbing {unknown}
 J - 2 potions of cancellation {unknown}
 K - 4 potions of might
 Y - a potion of lignification {unknown}
 Z - 2 potions of berserk rage {unknown}
Comestibles
 c - 29 rations
 o - 7 chunks of flesh


   Skills:
 - Level 10.0 Fighting
 - Level 10.0 Dodging
 - Level 9.9 Stealth
 - Level 4.0 Shields
 - Level 8.0 Spellcasting
 - Level 6.0 Conjurations
 - Level 4.1 Charms
 + Level 14.7 Air Magic
 - Level 6.1 Invocations
 - Level 6.0 Evocations


You had 8 spell levels left.
You knew the following spells:

 Your Spells              Type           Power        Failure   Level  Hunger
a - Shock                 Conj/Air       ####         1%          1    None
b - Swiftness             Chrm/Air       ######..     1%          2    None
c - Static Discharge      Conj/Air       ######..     1%          3    None
d - Airstrike             Air            ######....   1%          4    ###....
e - Lightning Bolt        Conj/Air       ######....   4%          5    #####..
f - Mephitic Cloud        Conj/Pois/Air  #####...     1%          3    None
g - Ozocubu's Armour      Chrm/Ice       ###.....     14%         3    None

Your spell library contained the following spells:

 Spells                   Type           Power        Failure   Level  Hunger
 Magic Dart               Conj           ####         1%          1    None
 Conjure Flame            Conj/Fire      ###.....     10%         3    None
 Stone Arrow              Conj/Erth      ###...       10%         3    None
 Animate Skeleton         Necr           N/A          11%         1    None
 Corona                   Hex            #......      11%         1    None
 Freeze                   Ice            #...         11%         1    None
 Pain                     Necr           #...         11%         1    None
 Sandblast                Erth           #.....       11%         1    None
 Blink                    Tloc           N/A          16%         2    None
 Call Imp                 Summ           #.......     16%         2    None
 Passwall                 Tmut/Erth      #.......     16%         2    None
 Slow                     Hex            #.......     16%         2    None
 Hailstorm                Conj/Ice       ###.....     30%         4    ###....
 Confusing Touch          Hex            #.......     32%         3    None
 Frozen Ramparts          Ice            #.....       32%         3    None
 Gell's Gravitas          Tloc           #.........   32%         3    None
 Inner Flame              Hex/Fire       #.......     32%         3    None
 Portal Projectile        Hex/Tloc       #.....       32%         3    None
 Vampiric Draining        Necr           #.........   32%         3    None
 Animate Dead             Necr           N/A          71%         4    ###....
 Cause Fear               Hex            #.........   71%         4    ###....
 Leda's Liquefaction      Hex/Erth       #.........   71%         4    ###....
 Petrify                  Tmut/Erth      #.......     71%         4    ###....
 Summon Ice Beast         Ice/Summ       #.......     71%         4    ###....
 Agony                    Necr           #.......     96%         5    #####..
 Lee's Rapid Deconstruct  Erth           #.........   96%         5    #####..
 Metabolic Englaciation   Hex/Ice        #.........   96%         5    #####..
 Yara's Violent Unravell  Hex/Tmut       #.........   96%         5    #####..


Dungeon Overview and Level Annotations

Branches:
Dungeon (11/15)            Temple (1/1) D:6            Lair (6/6) D:9
  Swamp (0/4) Lair:2        Snake (0/4) Lair:2        Slime (0/5) Lair:6
    Orc (2/2) D:11            Elf (0/3) Orc:2         Sewer (visited)
  IceCv (1/1)

Altars:
Ashenzari
Cheibriados
Dithmenos
Elyvilon
Fedhas
Gozag
Hepliaklqana
Kikubaaqudgha
Makhleb
Nemelex Xobeh
Okawaru
Qazlal
Ru
Sif Muna
Trog
Uskayaw
Vehumet
Wu Jian
Xom
Yredelemnul
Zin
The Shining One
Beogh
Jiyva

Shops:
D:4 [   D:10 [   Orc:2 (%

Annotations:
D:11 Urug
Lair:1 exclusions: crocodile and oklob plant, Joseph
Lair:5 2 transporters


Innate Abilities, Weirdness & Mutations

You have a beak for a mouth.
You have claws for feet.
You can fly continuously.


Message History

The lightning grounds out.
You feel less invigorated. The alligator simulacrum misses you.
The alligator simulacrum tail-slaps you but does no damage.
You feel much better.
You block the wolf spider simulacrum's attack.
The wolf spider simulacrum barely misses you.
The alligator simulacrum closely misses you.
The alligator simulacrum barely misses you.
The wolf spider simulacrum hits you!
* * * LOW HITPOINT WARNING * * *
The wolf spider simulacrum freezes you! You resist.
* * * LOW HITPOINT WARNING * * *
The wolf spider simulacrum bites you but does no damage.
As you read the scroll of fear, it crumbles to dust.
You assume a fearsome visage.
The alligator simulacrum is unaffected.
The wolf spider simulacrum is unaffected.
The death yak simulacrum is unaffected.
The alligator simulacrum bites you!!
* * * LOW HITPOINT WARNING * * *
The alligator simulacrum freezes you! You resist.
You die...

#####
##...##
##..∩..##
#.......#
#@Z.∩...#
##Z....##
##Z..##
#...#
...##
#ZZ.#
##...
##...


You could see an alligator simulacrum, a death yak simulacrum and a wolf spider
simulacrum.

Vanquished Creatures
  3 hydras
  3 two-headed ogres
  Erica (Lair:1)
  A death yak (D:9)
  Sonja (Lair:5)
  Pikel (D:7)
  An ugly thing (D:11)
  A manticore (D:11)
  3 black mambas
  6 elephants
  6 komodo dragons
  16 spiny frogs
  4 rime drakes
  3 trolls
  6 hornets
  10 blink frogs
  A wolf spider simulacrum (IceCv)
  4 polar bears
  A dream sheep (Lair:6)
  5 hippogriffs
  13 spriggans
  3 wyverns
  30 yaks
  2 basilisks
  A hungry ghost (D:9)
  2 nagas (Lair:2)
  12 water moccasins
  9 porcupines
  11 orc warriors
  2 black bears (Lair:6)
  2 sky beasts
  A slave (D:7)
  3 ice beasts
  7 ogres
  23 wolves
  A necrophage (D:7)
  A phantom (D:5)
  4 boggarts (Lair:6)
  4 centaurs
  2 big kobolds
  2 elf zombies (D:6)
  15 crocodiles
  10 bullfrogs
  2 elf skeletons (D:6)
  5 scorpions
  8 killer bees
  4 wights (D:9)
  4 crimson imps
  3 howler monkeys
  A quasit (D:8)
  A centaur skeleton (D:9)
  A centaur zombie (D:6)
  A human zombie (D:6)
  A bullfrog skeleton (D:4)
  14 orc priests
  Crazy Yiuf (D:2)
  4 hounds (D:4)
  A jelly (D:9)
  A hell rat (D:6)
  11 orc wizards
  Natasha (thrice) (D:2)
  3 human skeletons (D:6)
  8 worker ants
  A hound zombie (D:11)
  Robin (D:2)
  3 gnolls (D:4)
  10 adders
  8 river rats
  A hound simulacrum (D:9)
  3 shadow imps
  15 white imps
  An ufetubus (D:9)
  5 oozes
  2 adder skeletons
  5 worms
  2 dart slugs
  8 leopard geckos
  36 orcs
  6 giant cockroaches
  16 goblins
  11 hobgoblins
  13 jackals
  15 kobolds
  5 quokkas
  9 ball pythons
  11 bats
  7 frilled lizards
  An orc skeleton (D:6)
  2 orc zombies (D:6)
  24 rats
  2 fungi (Lair:6)
537 creatures vanquished.

Vanquished Creatures (collateral kills)
  An elephant (Lair:5)
1 creature vanquished.

Vanquished Creatures (others)
  A centaur (D:7)
  18 fungi
  9 plants
28 creatures vanquished.

Grand Total: 566 creatures vanquished

Notes
Turn   | Place    | Note
-------+----------+-------------------------------------------
     0 | D:1      | tilp the Tengu Air Elementalist began the quest for the
                  | Orb.
     0 | D:1      | Reached XP level 1. HP: 10/10 MP: 4/4
   161 | D:1      | Reached XP level 2. HP: 15/15 MP: 3/6
   191 | D:1      | Learned a level 2 spell: Swiftness
   746 | D:1      | Reached XP level 3. HP: 19/19 MP: 2/7
   751 | D:1      | Learned a level 3 spell: Static Discharge
   991 | D:2      | Found a glowing silver altar of Zin.
   991 | D:2      | Noticed an angel
  1512 | D:2      | Noticed Robin
  1520 | D:2      | Killed Robin
  1520 | D:2      | Reached XP level 4. HP: 20/24 MP: 0/8
  1617 | D:2      | Noticed Natasha
  1623 | D:2      | Killed Natasha
  1623 | D:2      | Reached skill level 5 in Conjurations
  1683 | D:2      | Noticed Natasha
  1693 | D:2      | Killed Natasha
  1693 | D:2      | Reached skill level 5 in Air Magic
  1693 | D:2      | Gained mutation: You can fly continuously. [Tengu growth]
  1693 | D:2      | Reached XP level 5. HP: 19/28 MP: 6/9
  1763 | D:2      | Found a runed translucent door.
  1764 | D:2      | Noticed Crazy Yiuf
  2457 | D:2      | Noticed Natasha
  2462 | D:2      | Killed Natasha
  3007 | D:3      | Reached skill level 6 in Air Magic
  3207 | D:3      | Reached XP level 6. HP: 32/32 MP: 6/10
  3504 | D:4      | Found Tab Lur's Armour Shop.
  3600 | D:4      | Reached XP level 7. HP: 23/37 MP: 3/14
  3633 | D:4      | Reached skill level 1 in Fighting
  3642 | D:4      | Found a sparkling altar of Nemelex Xobeh.
  3711 | D:4      | Found a glowing drain.
  3719 | Sewer    | Entered a sewer
  4714 | D:4      | Learned a level 4 spell: Airstrike
  5021 | D:5      | Entered Level 5 of the Dungeon
  5038 | D:5      | Found a hide-covered altar of Uskayaw.
  5072 | D:5      | You are sucked into a shaft and drop 1 floor!
  5074 | D:6      | Noticed a water elemental
  5076 | D:6      | Found a stormy altar of Qazlal.
  5077 | D:6      | Noticed an air elemental
  5077 | D:6      | Noticed a fire elemental
  5119 | D:6      | You are sucked into a shaft and drop 3 floors!
  5223 | D:9      | Reached XP level 8. HP: 45/46 MP: 9/15
  5253 | D:9      | Reached skill level 5 in Dodging
  5422 | D:9      | Learned a level 5 spell: Lightning Bolt
  5574 | D:8      | Reached skill level 1 in Evocations
  5958 | D:7      | Noticed Pikel
  5975 | D:7      | Killed Pikel
  5975 | D:7      | Reached XP level 9. HP: 39/52 MP: 2/16
  6156 | D:7      | Reached skill level 5 in Stealth
  6585 | D:5      | Found a shadowy altar of Dithmenos.
  6915 | D:5      | Found a snail-covered altar of Cheibriados.
  7428 | D:6      | Found the +2 ratskin cloak {+Rats rPois rN+ Str-1 Int-1
                  | Dex+1}
  7611 | D:6      | Found a staircase to the Ecumenical Temple.
  7641 | Temple   | Entered the Ecumenical Temple
  7857 | Temple   | Became a worshipper of Sif Muna the Loreminder
  8764 | D:8      | Reached XP level 10. HP: 54/56 MP: 7/17
  8822 | D:8      | Reached skill level 1 in Shields
  9727 | D:9      | Found a staircase to the Lair.
  9727 | D:9      | Noticed a death yak
  9743 | D:9      | Reached skill level 7 in Air Magic
  9775 | D:9      | Reached * piety under Sif Muna
 10139 | D:9      | Reached skill level 8 in Air Magic
 10350 | D:9      | Reached skill level 9 in Air Magic
 10451 | D:9      | Killed a death yak
 10451 | D:9      | Reached skill level 10 in Air Magic
 10714 | D:9      | Reached skill level 5 in Spellcasting
 10975 | D:10     | Entered Level 10 of the Dungeon
 10995 | D:10     | Reached XP level 11. HP: 61/61 MP: 9/19
 11030 | D:10     | Reached ** piety under Sif Muna
 11580 | D:10     | Learned a level 3 spell: Ozocubu's Armour
 11730 | D:10     | Found Plog's Armour Emporium.
 11868 | D:11     | Noticed a cyan ugly thing
 11914 | D:11     | Killed a cyan ugly thing
 12105 | D:11     | Noticed a two-headed ogre
 12119 | D:11     | Killed a two-headed ogre
 12119 | D:11     | Reached skill level 5 in Fighting
 12247 | D:11     | Noticed Urug
 12358 | D:11     | Noticed a two-headed ogre
 12409 | D:11     | Found a staircase to the Orcish Mines.
 12430 | D:11     | Killed a two-headed ogre
 12583 | D:11     | Learned a level 3 spell: Mephitic Cloud
 12616 | D:11     | Noticed a manticore
 12618 | D:11     | Killed a manticore
 12845 | D:11     | Reached *** piety under Sif Muna
 13281 | D:2      | Killed Crazy Yiuf
 13517 | Lair:1   | Entered Level 1 of the Lair of Beasts
 13549 | Lair:1   | Noticed Erica
 13667 | Lair:1   | Killed Erica
 14115 | Lair:1   | Noticed Joseph
 14305 | Lair:1   | Reached XP level 12. HP: 73/73 MP: 9/22
 15190 | Lair:2   | Found a staircase to the Swamp.
 15381 | Lair:2   | Reached skill level 10 in Dodging
 15384 | Lair:2   | Reached skill level 1 in Charms
 15694 | Lair:2   | Found a staircase to the Snake Pit.
 16865 | Lair:3   | Reached skill level 1 in Invocations
 17501 | Lair:4   | Reached skill level 5 in Evocations
 17735 | Lair:4   | Noticed an eight-headed hydra
 17959 | Lair:4   | Killed an eight-headed hydra
 18220 | Lair:4   | Found a shimmering altar of Xom.
 18289 | Lair:4   | Reached skill level 5 in Invocations
 18575 | Lair:4   | Reached XP level 13. HP: 73/78 MP: 13/23
 18849 | Lair:5   | Reached skill level 11 in Air Magic
 19308 | Lair:5   | Found a transporter.
 19422 | Lair:5   | Reached **** piety under Sif Muna
 19472 | Lair:5   | Noticed Sonja
 19850 | Lair:5   | Found a transporter.
 19946 | Lair:5   | Reached skill level 12 in Air Magic
 20276 | Lair:5   | Killed Sonja
 20301 | Lair:6   | Entered Level 6 of the Lair of Beasts
 20713 | Lair:6   | Found a viscous altar of Jiyva.
 20713 | Lair:6   | Found a staircase to the Slime Pits.
 21512 | Lair:6   | Reached skill level 10 in Fighting
 21919 | Lair:6   | Reached skill level 13 in Air Magic
 21978 | Lair:6   | Reached XP level 14. HP: 76/88 MP: 12/27
 22661 | Lair:6   | Identified the +2 scimitar "Moebroru" {vorpal, *Corrode
                  | rElec rC+ Dex+3} (You found it on level 6 of the Lair of
                  | Beasts)
 22900 | Lair:6   | Upgraded the game from 0.25-a0-558-g78a2afb0af to
                  | 0.25-a0-561-g0977b4d109
 22908 | Lair:6   | Reached skill level 14 in Air Magic
 23135 | Orc:1    | Entered Level 1 of the Orcish Mines
 23362 | Orc:1    | Found a roughly hewn altar of Beogh.
 24008 | Orc:2    | Entered Level 2 of the Orcish Mines
 24018 | Orc:2    | Found a staircase to the Elven Halls.
 24052 | Orc:2    | Found Ynaomn's Weapon Boutique.
 24072 | Orc:2    | Found a frozen archway.
 24084 | Orc:2    | Found Rakh's Food Shop.
 24089 | IceCv    | Entered an ice cave
 24098 | IceCv    | Slain by an alligator simulacrum

Levels and vault maps discovered:
D:1:      minmay_arrival_semitransparent, layout_basic, hangedman_decor_growths
D:2:      layout_loops_corners, zin_angel, first_ration,
          uniq_crazy_yiuf_cottage, uniq_natasha, uniq_robin
D:3:      layout_basic, chequers_avenue
D:4:      layout_gridville, nemelex_xobeh_ov_fountains_minmay,
          portal_sewer_entry_e, serial_shops, nicolae_shop_statue_plus
D:5:      layout_loops_ring, marbit_many_paths, nicolae_overflow_crystal_walls,
          lemuel_doored_altar, chequers_serial_rivers_micro_b
D:6:      wander_guarded_unrand_ratskin, layout_basic,
          nicolae_qazlal_style_of_elements, minmay_temple_entry_ruins,
          nicolae_ossuary_entry_catacombs
D:7:      layout_cave_pods, uniq_pikel
D:8:      layout_rooms
D:9:      layout_long_grid, david_lair_generic, serial_ice, serial_ice_d,
          serial_ice_b, serial_ice_h, serial_ice_o
D:10:     layout_loops_ring, serial_shops, nicolae_shop_stone
D:11:     layout_basic, orc_0_dummy, uniq_urug
Temple:   regret_index_temple_sphere_string
Lair:1:   layout_loops_ring, lemuel_fruit_tree, minmay_lair_oklob_chamber,
          uniq_erica, uniq_joseph
Lair:2:   layout_cave_shapes, swamp_mist, guppyfry_snake_entry_garden
Lair:3:   layout_loops_ring, st_stairs_10, beast_lair_carwin_3,
          infiniplex_staircase_pool, grunt_megastairs_3
Lair:4:   layout_cave_shapes, basic_altar, beast_lair_carwin_8,
          serial_bayou_shore_b, grunt_megastairs_4
Lair:5:   gammafunk_cloud_chamber, layout_long_grid,
          grunt_forest_large_clearing_hut, lemuel_fruit_fields, uniq_sonja
Lair:6:   minmay_lair_end_enchanted_forest, layout_cave_pods,
          dpeg_slime_entry_enclosed_altar, serial_bayou_shore_b
Orc:1:    layout_caves, mines1_david
Orc:2:    st_orc_town, layout_caves, portal_ice_cave_entry_imps, serial_shops,
          nicolae_shop_statue_plus, nicolae_shop_trees, shop,
          nicolae_shop_trees, nicolae_shop_statue_plus, basic_altar
IceCv:    ice_cave_small_necro

Skill      XL: |  1  2  3  4  5  6  7  8  9 10 11 12 13 14 |
---------------+-------------------------------------------+-----
Conjurations   | 2 3 4 5 6 |  6.0
Air Magic      | 5 6 10 13 14 | 14.7
Spellcasting   | 4 5 6 8 |  8.0
Fighting       | 3 4 7 8 10 | 10.0
Dodging        | 4 6 9 10 | 10.0
Evocations     | 3 4 6 |  6.0
Stealth        | 4 9 |  9.9
Shields        | 4 |  4.0
Charms         | 4 |  4.1
Invocations    | 5 6 |  6.1

Action                   |  1- 3 |  4- 6 |  7- 9 | 10-12 | 13-15 || total
-------------------------+-------+-------+-------+-------+-------++-------
Melee: Dagger            |     8 |       |       |       |       ||     8
       Short sword       |     2 |    37 |   188 |   319 |   185 ||   731
       Kick              |     2 |     9 |    31 |    81 |    39 ||   162
       Peck              |     2 |     6 |    24 |    48 |    21 ||   101
Throw: Dart              |       |       |       |    17 |       ||    17
 Cast: Shock             |    67 |    82 |    96 |    82 |    74 ||   401
       Static Discharge  |       |     4 |    22 |    49 |    59 ||   134
       Airstrike         |       |       |    31 |   130 |   153 ||   314
       Lightning Bolt    |       |       |       |    12 |       ||    12
       Mephitic Cloud    |       |       |       |     9 |    10 ||    19
       Ozocubu's Armour  |       |       |       |     9 |    11 ||    20
Invok: Channel Magic     |       |       |       |     2 |    15 ||    17
 Abil: Fly               |       |     1 |       |       |       ||     1
       Evoke Ratskin     |       |       |       |       |     1 ||     1
Evoke: Wand              |       |       |       |     2 |       ||     2
  Use: Scroll            |       |     7 |    12 |     5 |     6 ||    30
       Potion            |       |       |       |       |     1 ||     1
 Stab: Sleeping          |       |     1 |    19 |     6 |     9 ||    35
       Confused          |       |       |       |     7 |     6 ||    13
       Distracted        |       |       |       |     1 |     1 ||     2
  Eat: Chunk             |     3 |     7 |    19 |    43 |    23 ||    95
       Ration            |       |       |     1 |     3 |     3 ||     7
Armor: Robe              |     1 |     4 |     6 |       |       ||    11
       Leather armour    |       |       |    15 |    79 |    57 ||   151
Dodge: Dodged            |     7 |    27 |   170 |   319 |   239 ||   762
Block: Buckler           |       |       |       |    53 |    81 ||   134

Table legend:
 A = Non-vault XP
 B = Vault XP
 C = Vault XP percentage of total XP
 D = Non-vault monster count
 E = Vault monster count
 F = Vault count percentage of total count
                 A         B        C        D         E       F
            +---------+---------+-------+---------+---------+-------
      Total |   38104 |   23057 |  37.7 |     364 |     172 |  32.1
            +---------+---------+-------+---------+---------+-------
        D:1 |      42 |       0 |   0.0 |      23 |       0 |   0.0
        D:2 |     136 |     109 |  44.5 |      21 |      13 |  38.2
        D:3 |      72 |       0 |   0.0 |      20 |       0 |   0.0
        D:4 |     539 |      34 |   5.9 |      20 |       8 |  28.6
        D:5 |     375 |       3 |   0.8 |       6 |       1 |  14.3
        D:6 |     518 |     629 |  54.8 |      13 |      32 |  71.1
        D:7 |     752 |     651 |  46.4 |      13 |       1 |   7.1
        D:8 |    1214 |       0 |   0.0 |      21 |       0 |   0.0
        D:9 |    2095 |    2028 |  49.2 |      39 |      12 |  23.5
       D:10 |     919 |       0 |   0.0 |      22 |       0 |   0.0
       D:11 |    4826 |       0 |   0.0 |      29 |       0 |   0.0
     Lair:1 |    2918 |     892 |  23.4 |      15 |       1 |   6.2
     Lair:2 |    1727 |     332 |  16.1 |      10 |       2 |  16.7
     Lair:3 |    1450 |    2909 |  66.7 |      11 |       9 |  45.0
     Lair:4 |    4464 |    3859 |  46.4 |      15 |       9 |  37.5
     Lair:5 |    5110 |    2421 |  32.1 |      18 |       4 |  18.2
     Lair:6 |    7594 |    8723 |  53.5 |      34 |      45 |  57.0
      Orc:1 |    1974 |       0 |   0.0 |      29 |       0 |   0.0
      Orc:2 |    1379 |     124 |   8.3 |       5 |      12 |  70.6
      Sewer |       0 |      59 | 100.0 |       0 |      22 | 100.0
      IceCv |       0 |     284 | 100.0 |       0 |       1 | 100.0
            +---------+---------+-------+---------+---------+-------
